 Dungeon Crawl Stone Soup version 0.30-a0-170-g85af917532 (webtiles) character file.

Game seed: 16635409035971437920

82705 qw the Severer (level 15, 0/79 HPs)
             Began as a Gargoyle Fighter on Sept 30, 2022.
             Was a High Priest of Okawaru.
             Killed from afar by a starcursed mass (4 damage)
             ... with an accursed screaming
             ... on level 2 of the Abyss.
             The game lasted 00:09:37 (18163 turns).

qw the Severer (Gargoyle Fighter)                  Turns: 18163, Time: 00:09:37

Health: 0/79       AC: 39    Str: 24    XL:     15   Next: 74%
Magic:  22/22      EV:  9    Int: 14    God:    Okawaru [*****.]
Gold:   1034       SH: 14    Dex:  5    Spells: 14/14 levels left

rFire   + . .      SeeInvis .    n - +8 war axe "Hovon" {vorpal, Str+4 Int+5}
rCold   x . .      Faith    .    p - +2 kite shield
rNeg    + + +      Spirit   .    i - +5 chain mail of Viun Eze {rF++ rN++ Str-3}
rPois   inf        Reflect  .    k - +2 hat of Gomo {Rampage +Blink rCorr}
rElec   +          Harm     .    m - +2 cloak
rCorr   +          Rampage  +    (no gloves)
Will    +....                    f - +2 pair of boots
Stlth   ..........               b - amulet of regeneration
HPRegen 1.03/turn                z - ring of ice
MPRegen 0.18/turn                (no ring)

@: about to teleport, heroic, flying
A: sickness immunity, AC +11, big wings, negative energy resistance 1,
electricity resistance, torment resistance 1, petrification resistance, [clumsy
2], [frail 2], [screaming 2], [weak 2], [cold vulnerability 2], [subdued magic
2]
a: Renounce Religion, Evoke Blink, Heroism, Finesse, Duel


You were on level 2 of the Abyss.
You worshipped Okawaru.
Okawaru was extremely pleased with you.
You visited 3 branches of the dungeon, and saw 20 of its levels.
You visited the Abyss 1 time.

You collected 1115 gold pieces.
You spent 81 gold pieces at shops.


Innate Abilities, Weirdness & Mutations

You are immune to sickness and miasma.
Your stone body is resilient. (AC +11)
You are immune to poison.
Your large and strong wings let you fly.
You resist negative energy. (rN+)
You are resistant to electric shocks. (rElec)
You are resistant to unholy torment.
You are immune to petrification.
[You are very clumsy. (Dex -4)]
[You are very frail. (-20% HP)]
[You frequently scream uncontrollably at your foes.]
[You are very weak. (Str -4)]
[You are very vulnerable to cold. (rC--)]
[Your spells are easier to cast, but less powerful.]


   Skills:
 - Level 13.2(18.2) Fighting
 - Level 16.0(21.0) Axes
 + Level 5.8(10.8) Throwing
 - Level 10.0(15.0) Armour
 - Level 3.1(8.1) Dodging
 - Level 13.0(18.0) Shields
 - Level 10.0 Invocations


You had 14 spell levels left.
You didn't know any spells.
Your spell library was empty.

Inventory:

Hand Weapons
 n - the +8 war axe "Hovon" (weapon) {vorpal, Str+4 Int+5}
   (You found it on level 1 of the Lair of Beasts)

   It inflicts extra damage upon your enemies.
   Str:       It affects your strength (+4).
   Int:       It affects your intelligence (+5).
 r - a -2 demon whip of venom
Missiles
 q - 4 javelins
 s - 9 boomerangs
 v - 3 silver boomerangs (quivered)
Armour
 f - a +2 pair of boots (worn)
 h - a +0 plate armour
 i - the +5 chain mail of Viun Eze (worn) {rF++ rN++ Str-3}
   (You found it on level 6 of the Dungeon)

   Str:       It affects your strength (-3).
   rF:        It greatly protects you from fire.
   rN:        It greatly protects you from negative energy.
 k - the +2 hat of Gomo (worn) {Rampage +Blink rCorr}
   (You found it on level 9 of the Dungeon)

   +Blink:    It lets you blink.
   rCorr:     It protects you from acid and corrosion.
   Rampage:   It bestows one free step when moving towards enemies.
 m - a +2 cloak (worn)
 p - a +2 kite shield (worn)
 A - +0 acid dragon scales
Jewellery
 b - an amulet of regeneration (around neck)
 z - a ring of ice (left hand)
 B - a ring of protection from fire
Scrolls
 a - 4 scrolls of teleportation
 j - 8 scrolls of identify
 w - a scroll of brand weapon
 y - a scroll of enchant weapon
 C - a scroll of torment {unknown}
Potions
 d - 5 potions of might
 e - 7 potions of curing
 g - 5 potions of haste
 l - 3 potions of lignification
 o - 5 potions of attraction
 t - 4 potions of resistance
 u - a potion of magic
 x - a potion of mutation

Dungeon Overview and Level Annotations

Branches:
Dungeon (14/15)            Temple (1/1) D:6            Lair (5/5) D:8
  Swamp (0/4) Lair:2       Spider (0/4) Lair:3        Slime (0/5) Lair:4
    Orc (0/2) D:11         Vaults (0/5) D:14

Altars:
Ashenzari
Cheibriados
Dithmenos
Elyvilon
Fedhas
Gozag
Hepliaklqana
Kikubaaqudgha
Makhleb
Nemelex Xobeh
Okawaru
Qazlal
Ru
Sif Muna
Trog
Uskayaw
Vehumet
Wu Jian
Xom
Yredelemnul
Zin
The Shining One

Shops:
D:2 !*[[   D:3 ?   D:4 :   D:9 :

Annotations:
D:3 2 runed translucent doors, qw's ghost, amateur GrFi
D:10 2 runed translucent doors, qw's ghost, journeyman GrFi
D:12 3 runed translucent doors, 1 transporter, Tinen's ghost, journeyman TrMo


Message History

You block the bone dragon's attack.
The bone dragon tramples you but does no damage.
The starcursed mass shrieks in your mind.
You slice the bone dragon!!
The bone dragon is moderately damaged.
The bone dragon bites you but does no damage.
You block the bone dragon's attack.
The bone dragon tramples you but does no damage.
A starcursed mass splits.
A chorus of shrieks assaults your mind.
You slash the bone dragon!
The bone dragon is moderately damaged.
The bone dragon bites you.
The bone dragon claws you but does no damage.
The bone dragon tramples you but does no damage.
You hit the bone dragon but do no damage.
The bone dragon is moderately damaged.
You hit the starcursed mass.
The starcursed mass shudders and is absorbed by its neighbour.
The starcursed mass shrieks in your mind.
The bone dragon bites you. You block the bone dragon's attack.
The bone dragon tramples you but does no damage.
18161 ||| READING 5 scrolls of teleportation.
As you read the scroll of teleportation, it crumbles to dust.
You feel strangely unstable.
You feel the power of the Abyss delaying your translocation!
The starcursed mass shrieks in your mind.
The bone dragon bites you but does no damage.
The bone dragon claws you but does no damage.
The bone dragon tramples you but does no damage.
You hit the bone dragon but do no damage.
The bone dragon is moderately damaged.
The starcursed mass shrieks in your mind.
You hit the bone dragon but do no damage.
The bone dragon is moderately damaged.
You block the bone dragon's attack.
The bone dragon claws you but does no damage.
The bone dragon tramples you but does no damage.
The starcursed mass shrieks in your mind.
You die...

# . . .. . ..
. . # .. # ##
# ### . .X
####. #... ..#
..#...##..##..
. .
#.#.#@.......
#
##.#.D.>#....
. . # #..X.##
#. .
......###....#
...##.%# ....#
#... ...## . .
. .##. #..#.#
# .. # '#### .
. #..


You could see a bone dragon and a starcursed mass.

Vanquished Creatures
  An ancient lich (Abyss:2)
  A bone dragon (Abyss:2)
  Gastronok (Lair:2)
  Kirke (D:12)
  Nessos (Lair:4)
  Azrael (D:13)
  A dire elephant (Lair:5)
  A red draconian (Abyss:2)
  A green death (Abyss:2)
  Fannar (D:12)
  Erolcha (D:11)
  7 vault guards (D:14)
  5 hydras
  A catoblepas (Lair:5)
  Erica (D:11)
  A boulder beetle (D:13)
  3 centaur warriors
  5 death yaks (Lair:5)
  A deep troll shaman (Lair:5)
  4 thrashing horrors (Abyss:2)
  Amaemon (Lair:2)
  3 skeletal warriors (D:14)
  A wretched star (Abyss:2)
  5 ugly things (D:14)
  2 deep elf pyromancers (D:13)
  5 cyclopes
  2 oklob plants (Lair:4)
  A manticore (D:11)
  16 elephants
  6 black mambas
  3 smoke demons (Abyss:2)
  4 cane toads
  A gargoyle (D:12)
  An orange demon (Lair:2)
  A rime drake (Lair:2)
  A freezing wraith (D:14)
  An efreet (D:14)
  7 komodo dragons
  A large abomination (Abyss:2)
  3 ancient zymes (Abyss:2)
  A red devil (Abyss:2)
  3 meliai (D:14)
  A polar bear (Lair:5)
  2 trolls
  2 hornets
  2 raiju (Abyss:2)
  16 slime creatures
  18 blink frogs
  4 dream sheep (Lair:4)
  2 starcursed masses (Abyss:2)
  A vampire (D:8)
  3 wyverns
  A wraith (D:14)
  59 yaks
  A shadow (D:12)
  2 fire elementals
  7 humans (D:12)
  4 basilisks
  2 steam dragons
  7 vampire mosquitoes
  5 acid dragons
  6 small abominations (Abyss:2)
  Duvessa (D:7)
  4 orc warriors
  10 water moccasins
  5 hell hounds
  6 black bears
  A sky beast (D:8)
  4 ice beasts
  9 centaurs
  2 ogres
  10 wolves
  3 kobold brigands
  7 bullfrogs
  3 gnoll sergeants
  3 necrophages
  9 scorpions
  A two-headed ogre simulacrum (D:13)
  11 wights
  Dowan (D:7)
  15 killer bees
  2 electric eels (Lair:5)
  A quasit (Abyss:2)
  7 orc priests
  5 hounds
  2 gnoll boudas
  3 jellies
  3 iguanas
  14 orc wizards
  A troll simulacrum (D:13)
  A wolf simulacrum (D:13)
  5 spriggan simulacra (D:13)
  6 adders
  18 gnolls
  2 shadow imps
  A white imp (D:8)
  2 ufetubi
  5 worms
  41 orcs
  9 ball pythons
  6 bats
  8 endoplasms
  4 goblins
  5 hobgoblins
  10 jackals
  18 kobolds
  A quokka (D:1)
  6 frilled lizards
  2 rats
546 creatures vanquished.

Vanquished Creatures (others)
  A bone dragon (Abyss:2)
  A thrashing horror (Abyss:2)
  An ancient zyme (Abyss:2)
  22 fungi
  22 plants
47 creatures vanquished.

Grand Total: 593 creatures vanquished

Notes
Turn   | Place    | Note
-------+----------+-------------------------------------------
     0 | D:1      | qw the Gargoyle Fighter began the quest for the Orb.
     0 | D:1      | Reached XP level 1. HP: 14/14 MP: 1/1
     0 | D:1      | 0 ||| qw: Version: 0.2-a-12-gaebbb33
     0 | D:1      | 0 ||| qw: Game counter: 1504
     0 | D:1      | 0 ||| qw: Always use a shield: true
     0 | D:1      | 0 ||| qw: God list: Okawaru
     0 | D:1      | 0 ||| qw: Allow faded altars: false
     0 | D:1      | 0 ||| qw: Do Orc after D:15 true
     0 | D:1      | 0 ||| qw: Do second Lair branch before Depths: true
     0 | D:1      | 0 ||| qw: Lair rune preference: random
     0 | D:1      | 0 ||| qw: Plans: Normal, Zot:1-4, God:TSO, Crypt, Tomb,
                  | Pan, Slime:5, Hells, Abyss, Orb
     0 | D:1      | 0 ||| PLANNING D:1-11
   159 | D:1      | Reached skill level 2 in Axes
   164 | D:1      | 164 ||| Stepping ~*~*~tactically~*~*~ (stealth).
   222 | D:1      | 222 ||| Stepping ~*~*~tactically~*~*~ (stealth).
   275 | D:1      | Reached XP level 2. HP: 19/19 MP: 2/2
   676 | D:1      | Reached skill level 3 in Axes
   756 | D:1      | Reached XP level 3. HP: 23/23 MP: 3/3
   758 | D:1      | 758 ||| DROPPING +0 club.
   967 | D:1      | 967 ||| UPGRADING to +0 plate armour.
   977 | D:1      | 977 ||| DROPPING +0 scale mail.
   978 | D:1      | 978 ||| UPGRADING to +0 cloak.
   983 | D:1      | 983 ||| READING 2 scrolls labelled QIKHOSIFOUF.
   984 | D:1      | 984 ||| READING scroll labelled BAYTHR DOEKEIK.
   985 | D:1      | 985 ||| READING 3 scrolls labelled ESTUPHIMUSS.
   986 | D:1      | 986 ||| READING 2 scrolls labelled ARCHYLI DENYUQO.
   987 | D:1      | 987 ||| DRINKING 3 dark potions.
   988 | D:1      | 988 ||| READING 2 scrolls of identify.
   988 | D:1      | 988 ||| IDENTIFYING fuming sapphire potion
   989 | D:1      | 989 ||| DROPPING scroll of magic mapping.
   990 | D:1      | 990 ||| DROPPING scroll of fog.
  1211 | D:2      | Found Hemoenud's General Store.
  1239 | D:2      | 1239 ||| Stepping ~*~*~tactically~*~*~ (stealth).
  1340 | D:2      | Found Ris Qoly's Distillery.
  1348 | D:2      | 1348 ||| DROPPING +0 whip.
  1352 | D:2      | 1352 ||| BUYING potion of curing (36 gold).
  1352 | D:2      | Bought a potion of curing for 36 gold pieces
  1352 | D:2      | 1352 ||| SHOPLISTING potion of heal wounds (60 gold, have
                  | 22).
  1352 | D:2      | 1352 ||| SHOPLISTING potion of lignification (36 gold, have
                  | 22).
  1352 | D:2      | 1352 ||| SHOPLISTING potion of might (48 gold, have 22).
  1352 | D:2      | 1352 ||| SHOPLISTING potion of mutation (96 gold, have 22).
  1352 | D:2      | Found Teho's Armour Boutique.
  1361 | D:2      | 1361 ||| SHOPLISTING +0 helmet (58 gold, have 22).
  1361 | D:2      | 1361 ||| SHOPLISTING +2 crystal plate armour of Amorality
                  | {rF+ Regen+ Int+3} (1393 gold, have 22).
  1361 | D:2      | 1361 ||| SHOPLISTING +4 plate armour of poison resistance
                  | (611 gold, have 22).
  1435 | D:2      | Found Cuuhopt's Armour Emporium.
  1568 | D:2      | 1568 ||| Stepping ~*~*~tactically~*~*~ (stealth).
  1737 | D:2      | 1737 ||| BUYING +0 kite shield (45 gold).
  1737 | D:2      | Bought a +0 kite shield for 45 gold pieces
  1737 | D:2      | 1737 ||| SHOPLISTING +0 pair of boots (45 gold, have 10).
  1737 | D:2      | 1737 ||| SHOPLISTING +2 plate armour of poison resistance
                  | (370 gold, have 10).
  1737 | D:2      | 1737 ||| SHOPLISTING +3 scale mail of fire resistance (260
                  | gold, have 10).
  1924 | D:2      | 1924 ||| UPGRADING to +0 kite shield.
  1934 | D:2      | 1934 ||| DROPPING +0 buckler.
  1935 | D:2      | 1935 ||| UPGRADING to amulet of regeneration.
  1940 | D:2      | 1940 ||| READING scroll labelled AMIJIMIETT.
  1941 | D:2      | 1941 ||| READING scroll labelled FUCSUS REEXO.
  1946 | D:2      | 1946 ||| READING scroll labelled CODGHE HUCIEBUS.
  1968 | D:3      | 1968 ||| Stepping ~*~*~tactically~*~*~ (stealth).
  1970 | D:3      | 1970 ||| Stepping ~*~*~tactically~*~*~ (stealth).
  1990 | D:3      | 1990 ||| Stepping ~*~*~tactically~*~*~ (stealth).
  1994 | D:3      | 1994 ||| Stepping ~*~*~tactically~*~*~ (stealth).
  1997 | D:3      | 1997 ||| Stepping ~*~*~tactically~*~*~ (stealth).
  2005 | D:3      | Reached XP level 4. HP: 28/28 MP: 4/4
  2038 | D:3      | Found Quezom's Magic Scroll Emporium.
  2047 | D:3      | 2047 ||| SHOPLISTING scroll of enchant armour (75 gold,
                  | have 10).
  2047 | D:3      | 2047 ||| SHOPLISTING scroll of identify (20 gold, have 10).
  2047 | D:3      | 2047 ||| SHOPLISTING scroll of teleportation (30 gold, have
                  | 10).
  2119 | D:3      | Found a white marble altar of Elyvilon.
  2168 | D:3      | Found a runed translucent door.
  2173 | D:3      | 2173 ||| Stepping ~*~*~tactically~*~*~ (stealth).
  2283 | D:3      | Found a runed translucent door.
  2284 | D:3      | Noticed qw's ghost (amateur GrFi)
  2290 | D:3      | 2290 ||| Stepping ~*~*~tactically~*~*~ (stealth).
  2347 | D:3      | 2347 ||| Stepping ~*~*~tactically~*~*~ (stealth).
  2654 | D:3      | 2654 ||| READING scroll labelled SUASICZOESS.
  2655 | D:3      | 2655 ||| DRINKING 2 glowing silvery potions.
  2656 | D:3      | 2656 ||| READING 2 scrolls of identify.
  2656 | D:3      | 2656 ||| IDENTIFYING clear potion
  2657 | D:3      | 2657 ||| DROPPING potion of berserk rage.
  2687 | D:4      | 2687 ||| FLEEEEING.
  2688 | D:4      | 2688 ||| FLEEEEING.
  2689 | D:4      | 2689 ||| FLEEEEING.
  2691 | D:4      | 2691 ||| FLEEEEING.
  2700 | D:4      | 2700 ||| STAIRDANCE
  2745 | D:4      | Reached skill level 4 in Axes
  2745 | D:4      | Reached XP level 5. HP: 15/32 MP: 5/5
  2770 | D:4      | 2770 ||| Stepping ~*~*~tactically~*~*~ (hiding).
  2774 | D:4      | 2774 ||| Stepping ~*~*~tactically~*~*~ (hiding).
  3029 | D:4      | Found Taqastoemm's Book Emporium.
  3038 | D:4      | 3038 ||| Stepping ~*~*~tactically~*~*~ (stealth).
  3087 | D:4      | Reached XP level 6. HP: 36/37 MP: 6/6
  3327 | D:4      | HP: 8/37 [gnoll/+0 halberd (4)]
  3328 | D:4      | 3328 ||| READING 2 scrolls of teleportation.
  3440 | D:4      | 3440 ||| Stepping ~*~*~tactically~*~*~ (stealth).
  3477 | D:4      | 3477 ||| READING scroll labelled TOUKIS YCOR.
  3478 | D:4      | 3478 ||| READING scroll labelled LIQIT YSIGU.
  3479 | D:4      | 3479 ||| READING scroll labelled PATYFE ELOF.
  3493 | D:5      | Entered Level 5 of the Dungeon
  3494 | D:5      | 3494 ||| STAIRDANCE
  3502 | D:4      | Reached skill level 5 in Axes
  3526 | D:5      | Reached XP level 7. HP: 42/42 MP: 7/7
  3585 | D:5      | 3585 ||| Stepping ~*~*~tactically~*~*~ (stealth).
  3589 | D:5      | 3589 ||| Stepping ~*~*~tactically~*~*~ (stealth).
  3658 | D:5      | 3658 ||| DRINKING 5 potions of curing.
  3658 | D:5      | 3658 ||| (to cure confusion)
  3665 | D:5      | Reached skill level 6 in Axes
  3701 | D:5      | Reached skill level 6 in Shields
  3763 | D:5      | Reached XP level 8. HP: 48/48 MP: 8/8
  3784 | D:5      | 3784 ||| Stepping ~*~*~tactically~*~*~ (stealth).
  3806 | D:5      | 3806 ||| Stepping ~*~*~tactically~*~*~ (stealth).
  3816 | D:5      | 3816 ||| Stepping ~*~*~tactically~*~*~ (stealth).
  4098 | D:5      | 4098 ||| UPGRADING to +0 pair of boots.
  4141 | D:6      | 4141 ||| Stepping ~*~*~tactically~*~*~ (stealth).
  4142 | D:6      | 4142 ||| FLEEEEING.
  4143 | D:6      | 4143 ||| FLEEEEING.
  4144 | D:6      | 4144 ||| FLEEEEING.
  4145 | D:6      | 4145 ||| FLEEEEING.
  4146 | D:6      | 4146 ||| FLEEEEING.
  4147 | D:6      | 4147 ||| FLEEEEING.
  4148 | D:6      | 4148 ||| STAIRDANCE
  4177 | D:6      | 4177 ||| STAIRDANCE
  4250 | D:6      | Identified the +5 chain mail of Viun Eze {rF++ rN++ Str-3}
  4252 | D:6      | 4252 ||| Stepping ~*~*~tactically~*~*~ (hiding).
  4264 | D:6      | Reached skill level 7 in Axes
  4310 | D:6      | 4310 ||| Stepping ~*~*~tactically~*~*~ (stealth).
  4353 | D:6      | Reached skill level 1 in Dodging
  4358 | D:6      | 4358 ||| Stepping ~*~*~tactically~*~*~ (stealth).
  4360 | D:6      | 4360 ||| Stepping ~*~*~tactically~*~*~ (stealth).
  4363 | D:6      | 4363 ||| Stepping ~*~*~tactically~*~*~ (stealth).
  4364 | D:6      | 4364 ||| Stepping ~*~*~tactically~*~*~ (stealth).
  4380 | D:6      | 4380 ||| DROPPING +0 flail.
  4410 | D:6      | Found a staircase to the Ecumenical Temple.
  4411 | D:6      | 4411 ||| PLANNING TEMPLE
  4411 | D:6      | 4411 ||| UPGRADING to +5 chain mail of Viun Eze {rF++ rN++
                  | Str-3}.
  4416 | D:6      | 4416 ||| Stepping ~*~*~tactically~*~*~ (hiding).
  4417 | D:6      | 4417 ||| Stepping ~*~*~tactically~*~*~ (hiding).
  4428 | D:6      | 4428 ||| UPGRADING to +0 plate armour.
  4433 | D:6      | 4433 ||| UPGRADING to +5 chain mail of Viun Eze {rF++ rN++
                  | Str-3}.
  4452 | Temple   | Entered the Ecumenical Temple
  4517 | Temple   | 4517 ||| PLANNING D:1-11
  4563 | D:6      | 4563 ||| READING scroll of enchant armour.
  4563 | D:6      | 4563 ||| ENCHANTING +0 pair of boots.
  4702 | D:6      | Found an iron altar of Okawaru.
  4703 | D:6      | 4703 ||| PLANNING OKAWARU WORSHIP
  4703 | D:6      | 4703 ||| DRINKING 2 bubbling purple potions.
  4704 | D:6      | 4704 ||| DROPPING potion of degeneration.
  4713 | D:6      | Became a worshipper of Warmaster Okawaru
  4714 | D:6      | 4714 ||| PLANNING D:1-11
  4788 | D:7      | 4788 ||| STAIRDANCE
  4794 | D:7      | 4794 ||| STAIRDANCE
  4900 | D:7      | Reached skill level 1 in Throwing
  4943 | D:7      | Noticed Duvessa
  4943 | D:7      | Noticed Dowan
  4944 | D:7      | 4944 ||| Stepping ~*~*~tactically~*~*~ (hiding).
  4951 | D:7      | Killed Duvessa
  4952 | D:7      | Reached XP level 9. HP: 44/54 MP: 9/9
  4957 | D:7      | Killed Dowan
  5016 | D:7      | Reached skill level 8 in Axes
  5163 | D:7      | Found a radiant altar of Vehumet.
  5279 | D:7      | 5279 ||| Stepping ~*~*~tactically~*~*~ (hiding).
  5283 | D:7      | 5283 ||| Stepping ~*~*~tactically~*~*~ (stealth).
  5300 | D:7      | Reached * piety under Okawaru
  5301 | D:7      | Reached skill level 6 in Fighting
  5301 | D:7      | 5301 ||| Stepping ~*~*~tactically~*~*~ (hiding).
  5302 | D:7      | 5302 ||| INVOKING Heroism.
  5305 | D:7      | 5305 ||| Stepping ~*~*~tactically~*~*~ (hiding).
  5324 | D:7      | HP: 13/55 [black bear (3)]
  5325 | D:7      | 5325 ||| READING 3 scrolls of teleportation.
  5407 | D:7      | 5407 ||| Stepping ~*~*~tactically~*~*~ (stealth).
  5408 | D:7      | 5408 ||| Stepping ~*~*~tactically~*~*~ (stealth).
  5409 | D:7      | 5409 ||| Stepping ~*~*~tactically~*~*~ (stealth).
  5419 | D:7      | 5419 ||| Stepping ~*~*~tactically~*~*~ (stealth).
  5467 | D:7      | 5467 ||| READING scroll of enchant weapon.
  5467 | D:7      | 5467 ||| ENCHANTING +1 war axe.
  5549 | D:7      | 5549 ||| Stepping ~*~*~tactically~*~*~ (hiding).
  5551 | D:7      | 5551 ||| Stepping ~*~*~tactically~*~*~ (hiding).
  5574 | D:7      | Reached skill level 1 in Invocations
  5579 | D:7      | 5579 ||| INVOKING Heroism.
  5692 | D:7      | 5692 ||| INVOKING Heroism.
  5824 | D:7      | 5824 ||| UPGRADING to +2 kite shield.
  5834 | D:7      | 5834 ||| DROPPING +0 kite shield.
  5835 | D:7      | 5835 ||| READING 3 scrolls of identify.
  5835 | D:7      | 5835 ||| IDENTIFYING green potion
  5836 | D:7      | 5836 ||| READING 2 scrolls of identify.
  5836 | D:7      | 5836 ||| IDENTIFYING blue potion
  5837 | D:7      | 5837 ||| DROPPING potion of flight.
  5872 | D:8      | 5872 ||| INVOKING Heroism.
  5881 | D:8      | Reached skill level 3 in Invocations
  5890 | D:8      | 5890 ||| Stepping ~*~*~tactically~*~*~ (stealth).
  5901 | D:8      | 5901 ||| INVOKING Heroism.
  5904 | D:8      | 5904 ||| Stepping ~*~*~tactically~*~*~ (stealth).
  5921 | D:8      | Reached skill level 9 in Axes
  5922 | D:8      | 5922 ||| INVOKING Heroism.
  5924 | D:8      | 5924 ||| Stepping ~*~*~tactically~*~*~ (stealth).
  5928 | D:8      | 5928 ||| Stepping ~*~*~tactically~*~*~ (stealth).
  5931 | D:8      | Reached XP level 10. HP: 60/60 MP: 10/13
  5931 | D:8      | 5931 ||| Stepping ~*~*~tactically~*~*~ (stealth).
  5932 | D:8      | 5932 ||| Stepping ~*~*~tactically~*~*~ (stealth).
  5946 | D:8      | Reached ** piety under Okawaru
  5954 | D:8      | 5954 ||| INVOKING Heroism.
  5974 | D:8      | 5974 ||| INVOKING Heroism.
  6056 | D:8      | 6056 ||| READING scroll of enchant weapon.
  6056 | D:8      | 6056 ||| ENCHANTING +2 war axe.
  6085 | D:8      | 6085 ||| Stepping ~*~*~tactically~*~*~ (stealth).
  6099 | D:8      | 6099 ||| Stepping ~*~*~tactically~*~*~ (stealth).
  6196 | D:8      | 6196 ||| Stepping ~*~*~tactically~*~*~ (hiding).
  6201 | D:8      | 6201 ||| Stepping ~*~*~tactically~*~*~ (hiding).
  6224 | D:8      | 6224 ||| INVOKING Heroism.
  6229 | D:8      | Reached skill level 9 in Shields
  6267 | D:8      | Found a staircase to the Lair.
  6273 | D:8      | 6273 ||| Stepping ~*~*~tactically~*~*~ (hiding).
  6274 | D:8      | 6274 ||| Stepping ~*~*~tactically~*~*~ (stealth).
  6293 | D:8      | 6293 ||| DROPPING +0 flail of protection.
  6372 | D:8      | Found a broken altar of Ashenzari.
  6404 | D:8      | 6404 ||| DRINKING 4 potions of curing.
  6404 | D:8      | 6404 ||| (to cure confusion)
  6659 | D:8      | 6659 ||| Stepping ~*~*~tactically~*~*~ (hiding).
  6660 | D:8      | 6660 ||| Stepping ~*~*~tactically~*~*~ (hiding).
  6728 | D:8      | 6728 ||| Stepping ~*~*~tactically~*~*~ (hiding).
  6948 | D:8      | You fall into a shaft and drop 2 floors!
  6948 | D:10     | Entered Level 10 of the Dungeon
  6960 | D:10     | 6960 ||| INVOKING Heroism.
  7033 | D:10     | 7033 ||| INVOKING Heroism.
  7041 | D:10     | Reached skill level 10 in Axes
  7047 | D:10     | Reached *** piety under Okawaru
  7216 | D:10     | 7216 ||| READING 2 scrolls labelled JETZUCHIJYH.
  7217 | D:10     | 7217 ||| DRINKING 3 bubbling white potions.
  7218 | D:10     | 7218 ||| READING 3 scrolls of identify.
  7218 | D:10     | 7218 ||| IDENTIFYING white potion
  7219 | D:10     | 7219 ||| READING 2 scrolls of identify.
  7219 | D:10     | 7219 ||| IDENTIFYING lumpy amethyst potion
  7220 | D:10     | 7220 ||| DROPPING scroll of noise.
  7221 | D:10     | 7221 ||| DROPPING potion of brilliance.
  7303 | D:9      | 7303 ||| Stepping ~*~*~tactically~*~*~ (hiding).
  7439 | D:9      | Found Kycif's Book Shoppe.
  7440 | D:9      | 7440 ||| Stepping ~*~*~tactically~*~*~ (stealth).
  7441 | D:9      | 7441 ||| Stepping ~*~*~tactically~*~*~ (stealth).
  7442 | D:9      | 7442 ||| Stepping ~*~*~tactically~*~*~ (stealth).
  7444 | D:9      | 7444 ||| INVOKING Heroism.
  7529 | D:8      | 7529 ||| PLANNING LAIR
  7563 | Lair:1   | Entered Level 1 of the Lair of Beasts
  7581 | Lair:1   | Reached skill level 6 in Armour
  7656 | Lair:1   | 7656 ||| READING 2 scrolls of enchant armour.
  7656 | Lair:1   | 7656 ||| ENCHANTING +1 pair of boots.
  7657 | Lair:1   | 7657 ||| READING scroll of enchant armour.
  7657 | Lair:1   | 7657 ||| ENCHANTING +0 cloak.
  7704 | Lair:1   | Reached XP level 11. HP: 68/68 MP: 14/14
  7921 | Lair:1   | Identified the +8 war axe "Hovon" {vorpal, Str+4 Int+5}
  7923 | Lair:1   | 7923 ||| SWAPPING to +8 war axe "Hovon" {vorpal, Str+4
                  | Int+5}.
  7924 | Lair:1   | 7924 ||| DROPPING +3 war axe.
  7937 | Lair:1   | 7937 ||| INVOKING Heroism.
  7944 | Lair:1   | Reached skill level 3 in Throwing
  8179 | Lair:1   | 8179 ||| READING 3 scrolls of identify.
  8179 | Lair:1   | 8179 ||| IDENTIFYING bubbling cyan potion
  8203 | Lair:2   | Noticed Amaemon
  8204 | Lair:2   | 8204 ||| INVOKING Heroism.
  8215 | Lair:2   | Killed Amaemon
  8215 | Lair:2   | Received a gift from Okawaru
  8228 | Lair:2   | 8228 ||| DROPPING +0 morningstar.
  8272 | Lair:2   | Found a staircase to the Swamp.
  8284 | Lair:2   | 8284 ||| INVOKING Heroism.
  8320 | Lair:2   | 8320 ||| INVOKING Heroism.
  8323 | Lair:2   | Reached **** piety under Okawaru
  8324 | Lair:2   | Reached skill level 11 in Axes
  8325 | Lair:2   | Received a gift from Okawaru
  8448 | Lair:2   | Noticed Gastronok
  8449 | Lair:2   | 8449 ||| INVOKING Heroism.
  8464 | Lair:2   | Killed Gastronok
  8539 | Lair:2   | 8539 ||| Stepping ~*~*~tactically~*~*~ (stealth).
  8544 | Lair:2   | 8544 ||| INVOKING Heroism.
  8696 | Lair:2   | 8696 ||| INVOKING Heroism.
  8700 | Lair:2   | Reached skill level 6 in Invocations
  8713 | Lair:2   | 8713 ||| INVOKING Heroism.
  8714 | Lair:2   | 8714 ||| Stepping ~*~*~tactically~*~*~ (stealth).
  8841 | Lair:2   | Found the ring of the Mage {Wiz Archmagi}
  9209 | Lair:3   | 9209 ||| READING scroll of enchant armour.
  9209 | Lair:3   | 9209 ||| ENCHANTING +1 cloak.
  9220 | Lair:3   | 9220 ||| INVOKING Heroism.
  9225 | Lair:3   | Reached ***** piety under Okawaru
  9297 | Lair:3   | 9297 ||| Stepping ~*~*~tactically~*~*~ (stealth).
  9298 | Lair:3   | 9298 ||| INVOKING Heroism.
  9312 | Lair:3   | Reached XP level 12. HP: 75/75 MP: 17/17
  9318 | Lair:3   | Reached skill level 9 in Fighting
  9328 | Lair:3   | 9328 ||| INVOKING Heroism.
  9348 | Lair:3   | Found a hole to the Spider Nest.
  9380 | Lair:3   | 9380 ||| INVOKING Heroism.
  9395 | Lair:3   | Received a gift from Okawaru
  9817 | Lair:4   | Noticed a six-headed hydra
  9818 | Lair:4   | 9818 ||| INVOKING Heroism.
  9819 | Lair:4   | 9819 ||| INVOKING Finesse.
  9821 | Lair:4   | 9821 ||| SWAPPING to -2 demon whip of venom.
  9828 | Lair:4   | Killed a six-headed hydra
  9829 | Lair:4   | 9829 ||| SWAPPING to +8 war axe "Hovon" {vorpal, Str+4
                  | Int+5}.
  9884 | Lair:4   | 9884 ||| INVOKING Heroism.
  9918 | Lair:4   | 9918 ||| INVOKING Heroism.
  9919 | Lair:4   | 9919 ||| INVOKING Finesse.
  9920 | Lair:4   | Found a staircase to the Slime Pits.
  9937 | Lair:4   | Reached skill level 9 in Invocations
  9952 | Lair:4   | Reached skill level 12 in Axes
  9968 | Lair:4   | 9968 ||| FLEEEEING.
  9969 | Lair:4   | 9969 ||| FLEEEEING.
 10065 | Lair:4   | 10065 ||| Stepping ~*~*~tactically~*~*~ (stealth).
 10068 | Lair:4   | 10068 ||| Stepping ~*~*~tactically~*~*~ (stealth).
 10073 | Lair:4   | 10073 ||| INVOKING Heroism.
 10147 | Lair:4   | Noticed Nessos
 10148 | Lair:4   | 10148 ||| INVOKING Finesse.
 10155 | Lair:4   | 10155 ||| INVOKING Heroism.
 10165 | Lair:4   | Killed Nessos
 10180 | Lair:4   | Received a gift from Okawaru
 10220 | Lair:4   | 10220 ||| INVOKING Heroism.
 10253 | Lair:4   | 10253 ||| INVOKING Heroism.
 10267 | Lair:4   | Received a gift from Okawaru
 10268 | Lair:4   | Reached XP level 13. HP: 48/82 MP: 20/20
 10337 | Lair:4   | 10337 ||| INVOKING Heroism.
 10352 | Lair:4   | 10352 ||| INVOKING Heroism.
 10375 | Lair:4   | 10375 ||| FLEEEEING.
 10377 | Lair:4   | 10377 ||| FLEEEEING.
 10378 | Lair:4   | 10378 ||| FLEEEEING.
 10379 | Lair:4   | 10379 ||| FLEEEEING.
 10380 | Lair:4   | 10380 ||| FLEEEEING.
 10381 | Lair:4   | 10381 ||| FLEEEEING.
 10382 | Lair:4   | 10382 ||| FLEEEEING.
 10383 | Lair:4   | 10383 ||| FLEEEEING.
 10422 | Lair:4   | 10422 ||| INVOKING Heroism.
 10471 | Lair:4   | 10471 ||| INVOKING Heroism.
 10512 | Lair:4   | 10512 ||| FLEEEEING.
 10513 | Lair:4   | 10513 ||| FLEEEEING.
 10514 | Lair:4   | 10514 ||| FLEEEEING.
 10515 | Lair:4   | 10515 ||| FLEEEEING.
 10516 | Lair:4   | 10516 ||| FLEEEEING.
 10517 | Lair:4   | 10517 ||| FLEEEEING.
 10518 | Lair:4   | 10518 ||| FLEEEEING.
 10519 | Lair:4   | 10519 ||| FLEEEEING.
 10520 | Lair:4   | 10520 ||| FLEEEEING.
 10521 | Lair:4   | 10521 ||| FLEEEEING.
 10522 | Lair:4   | 10522 ||| STAIRDANCE
 10536 | Lair:4   | 10536 ||| INVOKING Heroism.
 10606 | Lair:4   | 10606 ||| Stepping ~*~*~tactically~*~*~ (stealth).
 10607 | Lair:4   | 10607 ||| Stepping ~*~*~tactically~*~*~ (stealth).
 10608 | Lair:4   | 10608 ||| Stepping ~*~*~tactically~*~*~ (stealth).
 10812 | Lair:4   | 10812 ||| INVOKING Heroism.
 10842 | Lair:4   | 10842 ||| FLEEEEING.
 10843 | Lair:4   | 10843 ||| FLEEEEING.
 10844 | Lair:4   | 10844 ||| FLEEEEING.
 10845 | Lair:4   | 10845 ||| FLEEEEING.
 10846 | Lair:4   | 10846 ||| FLEEEEING.
 10847 | Lair:4   | 10847 ||| FLEEEEING.
 10850 | Lair:4   | 10850 ||| FLEEEEING.
 10851 | Lair:4   | 10851 ||| FLEEEEING.
 10854 | Lair:4   | 10854 ||| FLEEEEING.
 10855 | Lair:4   | 10855 ||| FLEEEEING.
 10856 | Lair:4   | 10856 ||| FLEEEEING.
 10857 | Lair:4   | 10857 ||| FLEEEEING.
 10858 | Lair:4   | 10858 ||| FLEEEEING.
 10861 | Lair:4   | 10861 ||| STAIRDANCE
 10877 | Lair:4   | 10877 ||| INVOKING Heroism.
 10906 | Lair:4   | 10906 ||| INVOKING Heroism.
 10968 | Lair:4   | 10968 ||| FLEEEEING.
 10969 | Lair:4   | 10969 ||| FLEEEEING.
 10972 | Lair:4   | 10972 ||| FLEEEEING.
 10973 | Lair:4   | 10973 ||| FLEEEEING.
 10974 | Lair:4   | 10974 ||| FLEEEEING.
 10976 | Lair:4   | 10976 ||| FLEEEEING.
 10977 | Lair:4   | 10977 ||| FLEEEEING.
 10978 | Lair:4   | 10978 ||| FLEEEEING.
 10979 | Lair:4   | 10979 ||| FLEEEEING.
 10980 | Lair:4   | 10980 ||| FLEEEEING.
 10981 | Lair:4   | 10981 ||| FLEEEEING.
 10982 | Lair:4   | 10982 ||| FLEEEEING.
 10983 | Lair:4   | 10983 ||| STAIRDANCE
 11007 | Lair:4   | 11007 ||| STAIRDANCE
 11019 | Lair:4   | 11019 ||| INVOKING Heroism.
 11051 | Lair:4   | 11051 ||| FLEEEEING.
 11053 | Lair:4   | 11053 ||| FLEEEEING.
 11054 | Lair:4   | 11054 ||| FLEEEEING.
 11055 | Lair:4   | 11055 ||| FLEEEEING.
 11056 | Lair:4   | 11056 ||| FLEEEEING.
 11057 | Lair:4   | 11057 ||| FLEEEEING.
 11058 | Lair:4   | 11058 ||| FLEEEEING.
 11059 | Lair:4   | 11059 ||| INVOKING Heroism.
 11096 | Lair:4   | 11096 ||| FLEEEEING.
 11097 | Lair:4   | 11097 ||| FLEEEEING.
 11098 | Lair:4   | 11098 ||| FLEEEEING.
 11099 | Lair:4   | 11099 ||| FLEEEEING.
 11100 | Lair:4   | 11100 ||| FLEEEEING.
 11101 | Lair:4   | 11101 ||| FLEEEEING.
 11102 | Lair:4   | 11102 ||| STAIRDANCE
 11114 | Lair:4   | 11114 ||| INVOKING Heroism.
 11139 | Lair:4   | 11139 ||| FLEEEEING.
 11149 | Lair:4   | 11149 ||| INVOKING Heroism.
 11178 | Lair:4   | 11178 ||| FLEEEEING.
 11179 | Lair:4   | 11179 ||| FLEEEEING.
 11180 | Lair:4   | 11180 ||| FLEEEEING.
 11181 | Lair:4   | 11181 ||| FLEEEEING.
 11182 | Lair:4   | 11182 ||| FLEEEEING.
 11183 | Lair:4   | 11183 ||| FLEEEEING.
 11184 | Lair:4   | 11184 ||| FLEEEEING.
 11185 | Lair:4   | 11185 ||| FLEEEEING.
 11186 | Lair:4   | 11186 ||| FLEEEEING.
 11187 | Lair:4   | 11187 ||| FLEEEEING.
 11188 | Lair:4   | 11188 ||| FLEEEEING.
 11189 | Lair:4   | 11189 ||| FLEEEEING.
 11190 | Lair:4   | 11190 ||| FLEEEEING.
 11191 | Lair:4   | 11191 ||| FLEEEEING.
 11193 | Lair:4   | 11193 ||| STAIRDANCE
 11241 | Lair:4   | 11241 ||| INVOKING Heroism.
 11301 | Lair:4   | 11301 ||| FLEEEEING.
 11302 | Lair:4   | 11302 ||| FLEEEEING.
 11303 | Lair:4   | 11303 ||| FLEEEEING.
 11304 | Lair:4   | 11304 ||| FLEEEEING.
 11305 | Lair:4   | 11305 ||| FLEEEEING.
 11306 | Lair:4   | 11306 ||| FLEEEEING.
 11307 | Lair:4   | 11307 ||| FLEEEEING.
 11308 | Lair:4   | 11308 ||| FLEEEEING.
 11309 | Lair:4   | 11309 ||| FLEEEEING.
 11310 | Lair:4   | 11310 ||| FLEEEEING.
 11311 | Lair:4   | 11311 ||| FLEEEEING.
 11312 | Lair:4   | 11312 ||| FLEEEEING.
 11315 | Lair:4   | 11315 ||| STAIRDANCE
 11368 | Lair:4   | 11368 ||| INVOKING Heroism.
 11446 | Lair:5   | Entered Level 5 of the Lair of Beasts
 11447 | Lair:5   | 11447 ||| INVOKING Heroism.
 11448 | Lair:5   | 11448 ||| STAIRDANCE
 11463 | Lair:5   | 11463 ||| STAIRDANCE
 11472 | Lair:4   | Identified the +8 hand axe "Luwkos" {distort, Fragile rN+
                  | SInv Stlth+} (Okawaru gifted it to you on level 4 of the
                  | Lair of Beasts)
 11472 | Lair:4   | Received a gift from Okawaru
 11488 | Lair:5   | 11488 ||| STAIRDANCE
 11508 | Lair:5   | 11508 ||| STAIRDANCE
 11533 | Lair:5   | 11533 ||| STAIRDANCE
 11575 | Lair:5   | 11575 ||| INVOKING Heroism.
 11643 | Lair:5   | 11643 ||| INVOKING Heroism.
 11644 | Lair:5   | 11644 ||| INVOKING Finesse.
 11645 | Lair:5   | 11645 ||| Stepping ~*~*~tactically~*~*~ (stealth).
 11648 | Lair:5   | 11648 ||| SWAPPING to -2 demon whip of venom.
 11658 | Lair:5   | 11658 ||| SWAPPING to +8 war axe "Hovon" {vorpal, Str+4
                  | Int+5}.
 11661 | Lair:5   | 11661 ||| Stepping ~*~*~tactically~*~*~ (stealth).
 11722 | Lair:5   | 11722 ||| INVOKING Heroism.
 11729 | Lair:5   | Reached skill level 13 in Axes
 11810 | Lair:5   | 11810 ||| INVOKING Heroism.
 11882 | Lair:5   | 11882 ||| INVOKING Heroism.
 11883 | Lair:5   | 11883 ||| INVOKING Finesse.
 11887 | Lair:5   | 11887 ||| SWAPPING to -2 demon whip of venom.
 11888 | Lair:5   | Received a gift from Okawaru
 11889 | Lair:5   | 11889 ||| SWAPPING to +8 war axe "Hovon" {vorpal, Str+4
                  | Int+5}.
 11951 | Lair:5   | 11951 ||| INVOKING Heroism.
 12227 | Lair:5   | 12227 ||| INVOKING Heroism.
 12228 | Lair:5   | 12228 ||| INVOKING Finesse.
 12260 | Lair:5   | 12260 ||| Stepping ~*~*~tactically~*~*~ (stealth).
 12261 | Lair:5   | 12261 ||| INVOKING Heroism.
 12271 | Lair:5   | 12271 ||| Stepping ~*~*~tactically~*~*~ (hiding).
 12312 | Lair:5   | 12312 ||| INVOKING Finesse.
 12321 | Lair:5   | Reached skill level 14 in Axes
 12327 | Lair:5   | 12327 ||| Stepping ~*~*~tactically~*~*~ (stealth).
 12331 | Lair:5   | Noticed a dire elephant
 12332 | Lair:5   | 12332 ||| Stepping ~*~*~tactically~*~*~ (stealth).
 12350 | Lair:5   | 12350 ||| Stepping ~*~*~tactically~*~*~ (stealth).
 12351 | Lair:5   | 12351 ||| Stepping ~*~*~tactically~*~*~ (stealth).
 12358 | Lair:5   | 12358 ||| INVOKING Heroism.
 12373 | Lair:5   | Killed a dire elephant
 12373 | Lair:5   | Received a gift from Okawaru
 12389 | Lair:5   | 12389 ||| DROPPING +1 vorpal broad axe.
 12426 | Lair:5   | 12426 ||| Stepping ~*~*~tactically~*~*~ (stealth).
 12611 | Lair:5   | 12611 ||| INVOKING Heroism.
 12651 | Lair:5   | 12651 ||| PLANNING D:1-11
 12651 | Lair:5   | 12651 ||| UPGRADING to +0 helmet.
 12656 | Lair:5   | 12656 ||| READING scroll labelled FENIAD WEICSEDGH.
 12667 | Lair:4   | 12667 ||| INVOKING Heroism.
 12797 | D:9      | 12797 ||| INVOKING Heroism.
 12801 | D:9      | 12801 ||| Stepping ~*~*~tactically~*~*~ (stealth).
 12802 | D:9      | 12802 ||| Stepping ~*~*~tactically~*~*~ (stealth).
 12812 | D:9      | 12812 ||| Stepping ~*~*~tactically~*~*~ (stealth).
 12815 | D:9      | 12815 ||| INVOKING Finesse.
 12817 | D:9      | Gained mutation: Your large and strong wings let you fly.
                  | [Gargoyle growth]
 12817 | D:9      | Reached XP level 14. HP: 79/88 MP: 15/21
 12818 | D:9      | 12818 ||| SWAPPING to -2 demon whip of venom.
 12831 | D:9      | 12831 ||| SWAPPING to +8 war axe "Hovon" {vorpal, Str+4
                  | Int+5}.
 12913 | D:9      | 12913 ||| Stepping ~*~*~tactically~*~*~ (stealth).
 12924 | D:9      | 12924 ||| INVOKING Heroism.
 12968 | D:9      | Reached skill level 9 in Armour
 12999 | D:9      | Identified the +2 hat of Gomo {Rampage +Blink rCorr}
 13139 | D:9      | 13139 ||| Stepping ~*~*~tactically~*~*~ (stealth).
 13148 | D:9      | 13148 ||| INVOKING Heroism.
 13265 | D:9      | 13265 ||| UPGRADING to +2 hat of Gomo {Rampage +Blink
                  | rCorr}.
 13275 | D:9      | 13275 ||| DROPPING +0 helmet.
 13454 | D:10     | Found a large runed translucent door.
 13454 | D:10     | Found a large runed translucent door.
 13457 | D:10     | Noticed qw's ghost (journeyman GrFi)
 13512 | D:10     | 13512 ||| INVOKING Heroism.
 13904 | D:10     | 13904 ||| READING 7 scrolls of identify.
 13904 | D:10     | 13904 ||| IDENTIFYING cyan potion
 13905 | D:10     | 13905 ||| DROPPING potion of ambrosia.
 14047 | D:11     | Noticed Erolcha
 14048 | D:11     | 14048 ||| INVOKING Heroism.
 14070 | D:11     | Killed Erolcha
 14155 | D:11     | 14155 ||| Stepping ~*~*~tactically~*~*~ (stealth).
 14167 | D:11     | 14167 ||| INVOKING Heroism.
 14172 | D:11     | 14172 ||| Stepping ~*~*~tactically~*~*~ (hiding).
 14176 | D:11     | 14176 ||| Stepping ~*~*~tactically~*~*~ (hiding).
 14192 | D:11     | Found a staircase to the Orcish Mines.
 14195 | D:11     | 14195 ||| Stepping ~*~*~tactically~*~*~ (stealth).
 14196 | D:11     | 14196 ||| Stepping ~*~*~tactically~*~*~ (stealth).
 14198 | D:11     | 14198 ||| Stepping ~*~*~tactically~*~*~ (stealth).
 14200 | D:11     | 14200 ||| Stepping ~*~*~tactically~*~*~ (stealth).
 14207 | D:11     | 14207 ||| Stepping ~*~*~tactically~*~*~ (stealth).
 14307 | D:11     | 14307 ||| Stepping ~*~*~tactically~*~*~ (hiding).
 14311 | D:11     | Reached skill level 12 in Shields
 14459 | D:11     | Noticed Erica
 14460 | D:11     | 14460 ||| INVOKING Heroism.
 14461 | D:11     | 14461 ||| INVOKING Finesse.
 14471 | D:11     | 14471 ||| DRINKING 6 potions of curing.
 14471 | D:11     | 14471 ||| (to cure confusion)
 14472 | D:11     | Killed Erica
 14472 | D:11     | Received a gift from Okawaru
 14566 | D:11     | 14566 ||| Stepping ~*~*~tactically~*~*~ (stealth).
 14568 | D:11     | 14568 ||| Stepping ~*~*~tactically~*~*~ (stealth).
 14570 | D:11     | 14570 ||| Stepping ~*~*~tactically~*~*~ (stealth).
 14591 | D:11     | Received a gift from Okawaru
 14850 | D:10     | 14850 ||| PLANNING D
 14897 | D:12     | 14897 ||| STAIRDANCE
 14903 | D:12     | 14903 ||| STAIRDANCE
 14916 | D:12     | Found a runed translucent gate.
 14916 | D:12     | Found a runed translucent gate.
 14920 | D:12     | 14920 ||| Stepping ~*~*~tactically~*~*~ (hiding).
 14920 | D:12     | Found a runed translucent gate.
 14923 | D:12     | Noticed Kirke
 14924 | D:12     | 14924 ||| INVOKING Heroism.
 14925 | D:12     | 14925 ||| INVOKING Finesse.
 14937 | D:12     | Killed Kirke
 14995 | D:12     | Noticed Tinen's ghost (journeyman TrMo)
 15036 | D:12     | 15036 ||| Stepping ~*~*~tactically~*~*~ (stealth).
 15038 | D:12     | 15038 ||| INVOKING Heroism.
 15162 | D:12     | 15162 ||| INVOKING Heroism.
 15282 | D:12     | 15282 ||| Stepping ~*~*~tactically~*~*~ (stealth).
 15288 | D:12     | 15288 ||| Stepping ~*~*~tactically~*~*~ (stealth).
 15294 | D:12     | 15294 ||| Stepping ~*~*~tactically~*~*~ (stealth).
 15297 | D:12     | 15297 ||| Stepping ~*~*~tactically~*~*~ (hiding).
 15298 | D:12     | 15298 ||| Stepping ~*~*~tactically~*~*~ (hiding).
 15336 | D:12     | Found a transporter.
 15565 | D:12     | Noticed Fannar
 15600 | D:12     | Killed Fannar
 15600 | D:12     | Received a gift from Okawaru
 15635 | D:12     | 15635 ||| Stepping ~*~*~tactically~*~*~ (hiding).
 15647 | D:12     | Reached skill level 15 in Axes
 15877 | D:12     | 15877 ||| DROPPING +1 hat.
 15878 | D:12     | 15878 ||| UPGRADING to ring of ice.
 15879 | D:12     | 15879 ||| READING 8 scrolls of identify.
 15879 | D:12     | 15879 ||| IDENTIFYING viscous orange potion
 15898 | D:13     | Noticed Azrael
 15899 | D:13     | 15899 ||| INVOKING Heroism.
 15900 | D:13     | 15900 ||| STAIRDANCE
 15946 | D:13     | 15946 ||| STAIRDANCE
 15955 | D:12     | Reached skill level 3 in Dodging
 15993 | D:13     | 15993 ||| STAIRDANCE
 16040 | D:13     | 16040 ||| STAIRDANCE
 16091 | D:13     | 16091 ||| INVOKING Heroism.
 16092 | D:13     | 16092 ||| STAIRDANCE
 16095 | D:12     | Identified the +3 ring mail of Fortification {Str+3 Int+4}
                  | (Okawaru gifted it to you on level 12 of the Dungeon)
 16095 | D:12     | Received a gift from Okawaru
 16138 | D:13     | 16138 ||| INVOKING Finesse.
 16144 | D:13     | 16144 ||| INVOKING Heroism.
 16153 | D:13     | Killed Azrael
 16207 | D:13     | Found a white marble altar of Elyvilon.
 16278 | D:13     | 16278 ||| Stepping ~*~*~tactically~*~*~ (stealth).
 16281 | D:13     | 16281 ||| INVOKING Heroism.
 16304 | D:13     | Found a frozen archway.
 16339 | D:13     | 16339 ||| FLEEEEING.
 16340 | D:13     | 16340 ||| FLEEEEING.
 16342 | D:13     | 16342 ||| FLEEEEING.
 16343 | D:13     | 16343 ||| FLEEEEING.
 16344 | D:13     | 16344 ||| FLEEEEING.
 16345 | D:13     | 16345 ||| FLEEEEING.
 16346 | D:13     | 16346 ||| FLEEEEING.
 16403 | D:13     | Reached skill level 12 in Fighting
 16484 | D:13     | 16484 ||| Stepping ~*~*~tactically~*~*~ (hiding).
 17152 | D:14     | 17152 ||| Stepping ~*~*~tactically~*~*~ (stealth).
 17155 | D:14     | 17155 ||| Stepping ~*~*~tactically~*~*~ (stealth).
 17157 | D:14     | 17157 ||| Stepping ~*~*~tactically~*~*~ (stealth).
 17158 | D:14     | 17158 ||| INVOKING Heroism.
 17167 | D:14     | 17167 ||| INVOKING Finesse.
 17174 | D:14     | 17174 ||| SWAPPING to -2 demon whip of venom.
 17178 | D:14     | 17178 ||| Stepping ~*~*~tactically~*~*~ (outnumbered).
 17179 | D:14     | 17179 ||| Stepping ~*~*~tactically~*~*~ (outnumbered).
 17180 | D:14     | 17180 ||| Stepping ~*~*~tactically~*~*~ (outnumbered).
 17181 | D:14     | 17181 ||| Stepping ~*~*~tactically~*~*~ (outnumbered).
 17182 | D:14     | 17182 ||| Stepping ~*~*~tactically~*~*~ (outnumbered).
 17183 | D:14     | 17183 ||| Stepping ~*~*~tactically~*~*~ (outnumbered).
 17184 | D:14     | 17184 ||| Stepping ~*~*~tactically~*~*~ (outnumbered).
 17185 | D:14     | 17185 ||| Stepping ~*~*~tactically~*~*~ (outnumbered).
 17186 | D:14     | 17186 ||| Stepping ~*~*~tactically~*~*~ (outnumbered).
 17187 | D:14     | 17187 ||| Stepping ~*~*~tactically~*~*~ (outnumbered).
 17188 | D:14     | 17188 ||| Stepping ~*~*~tactically~*~*~ (outnumbered).
 17198 | D:14     | 17198 ||| SWAPPING to +8 war axe "Hovon" {vorpal, Str+4
                  | Int+5}.
 17206 | D:14     | Reached XP level 15. HP: 94/96 MP: 19/22
 17207 | D:14     | 17207 ||| INVOKING Heroism.
 17242 | D:14     | 17242 ||| Stepping ~*~*~tactically~*~*~ (hiding).
 17242 | D:14     | Found a gate to the Vaults.
 17243 | D:14     | 17243 ||| INVOKING Heroism.
 17272 | D:14     | Reached skill level 16 in Axes
 17338 | D:14     | 17338 ||| INVOKING Heroism.
 17401 | D:14     | 17401 ||| INVOKING Heroism.
 17478 | D:14     | Found a hide-covered altar of Uskayaw.
 17500 | Abyss:2  | Cast into level 2 of the Abyss (a wizard)
 17563 | Abyss:2  | 17563 ||| Stepping ~*~*~tactically~*~*~ (hiding).
 17590 | Abyss:2  | 17590 ||| Stepping ~*~*~tactically~*~*~ (stealth).
 17609 | Abyss:2  | 17609 ||| Stepping ~*~*~tactically~*~*~ (stealth).
 17632 | Abyss:2  | Identified the -1 hat of Jenaxul {-Tele rC++ rN+++}
                  | (Okawaru gifted it to you on level 2 of the Abyss)
 17632 | Abyss:2  | Received a gift from Okawaru
 17634 | Abyss:2  | Noticed a bone dragon
 17635 | Abyss:2  | 17635 ||| Stepping ~*~*~tactically~*~*~ (stealth).
 17639 | Abyss:2  | 17639 ||| Stepping ~*~*~tactically~*~*~ (stealth).
 17645 | Abyss:2  | 17645 ||| INVOKING Heroism.
 17659 | Abyss:2  | HP: 19/96 [bone dragon (7)]
 17660 | Abyss:2  | 17660 ||| READING 6 scrolls of teleportation.
 17661 | Abyss:2  | 17661 ||| DRINKING 3 potions of heal wounds.
 17668 | Abyss:2  | HP: 23/96 [black draconian/bolt of lightning (11)]
 17669 | Abyss:2  | 17669 ||| DRINKING 2 potions of heal wounds.
 17670 | Abyss:2  | 17670 ||| INVOKING Heroism.
 17672 | Abyss:2  | 17672 ||| DRINKING potion of heal wounds.
 17673 | Abyss:2  | HP: 17/96 [bone dragon (10)]
 17678 | Abyss:2  | Killed a bone dragon
 17678 | Abyss:2  | HP: 19/96 [black draconian/bolt of lightning (2)]
 17784 | Abyss:2  | Noticed an ancient lich
 17785 | Abyss:2  | 17785 ||| Stepping ~*~*~tactically~*~*~ (stealth).
 17810 | Abyss:2  | 17810 ||| Stepping ~*~*~tactically~*~*~ (hiding).
 17812 | Abyss:2  | 17812 ||| Stepping ~*~*~tactically~*~*~ (hiding).
 17814 | Abyss:2  | 17814 ||| INVOKING Heroism.
 17815 | Abyss:2  | 17815 ||| INVOKING Finesse.
 17835 | Abyss:2  | Killed an ancient lich
 17893 | Abyss:2  | 17893 ||| Stepping ~*~*~tactically~*~*~ (stealth).
 17895 | Abyss:2  | 17895 ||| Stepping ~*~*~tactically~*~*~ (stealth).
 17896 | Abyss:2  | 17896 ||| INVOKING Heroism.
 17966 | Abyss:2  | Noticed a bone dragon
 17978 | Abyss:2  | 17978 ||| INVOKING Heroism.
 17999 | Abyss:2  | Killed a bone dragon
 18049 | Abyss:2  | 18049 ||| Stepping ~*~*~tactically~*~*~ (stealth).
 18050 | Abyss:2  | 18050 ||| Stepping ~*~*~tactically~*~*~ (stealth).
 18054 | Abyss:2  | 18054 ||| Stepping ~*~*~tactically~*~*~ (hiding).
 18056 | Abyss:2  | 18056 ||| Stepping ~*~*~tactically~*~*~ (hiding).
 18059 | Abyss:2  | 18059 ||| Stepping ~*~*~tactically~*~*~ (stealth).
 18061 | Abyss:2  | 18061 ||| Stepping ~*~*~tactically~*~*~ (hiding).
 18089 | Abyss:2  | 18089 ||| Stepping ~*~*~tactically~*~*~ (stealth).
 18092 | Abyss:2  | 18092 ||| INVOKING Heroism.
 18093 | Abyss:2  | 18093 ||| Stepping ~*~*~tactically~*~*~ (stealth).
 18130 | Abyss:2  | 18130 ||| Stepping ~*~*~tactically~*~*~ (stealth).
 18131 | Abyss:2  | 18131 ||| Stepping ~*~*~tactically~*~*~ (stealth).
 18138 | Abyss:2  | 18138 ||| INVOKING Heroism.
 18141 | Abyss:2  | Noticed a bone dragon
 18160 | Abyss:2  | HP: 14/79 [bone dragon (6)]
 18161 | Abyss:2  | 18161 ||| READING 5 scrolls of teleportation.
 18162 | Abyss:2  | HP: 3/79 [starcursed mass/accursed screaming (6)]
 18163 | Abyss:2  | Killed from afar by a starcursed mass

Levels and vault maps discovered:
D:1:      dpeg_arrival_boxorama, layout_loops_ring, minmay_cut_off
D:2:      layout_basic, serial_shops, nicolae_shop_waterfront, shop, shop, shop
D:3:      layout_loops_ring, mainiacjoe_overflow_small_starburst,
          ebering_ghost_sewer_f, serial_shops, shop
D:4:      layout_loops_cross, serial_shops, shop, minmay_misc_feat_tower
D:5:      layout_rooms
D:6:      layout_rooms, mainiacjoe_overflow_cross_hatched,
          minmay_temple_entry_arrows
D:7:      layout_basic, mainiacjoe_overflow_24_doors,
          minmay_fractal_squares_diagonal_5, uniq_duvessa
D:8:      layout_loops_ring, nicolae_ashenzari_panopticon, david_lair_generic,
          minmay_circle_x
D:9:      layout_roguey, serial_shops, nicolae_diamond_shop
D:10:     layout_basic, ebering_ghost_disaster_area
D:11:     layout_roguey, david_orc_3, skrybe_limestone_x, uniq_erolcha,
          uniq_erica
D:12:     layout_basic, gammafunk_ghost_necromancy, st_stairs_14,
          nicolae_diode_basic, uniq_kirke, uniq_fannar
D:13:     layout_cave_pods, portal_ice_cave_entry_ice_simulacra,
          elyvilon_altar_5, uniq_azrael
D:14:     layout_rooms, erik_vaults_2, nicolae_uskayaw_dance_hall
Temple:   dpeg_three_leaves_temple
Lair:1:   layout_roguey
Lair:2:   layout_cellular_growth, swamp_mist_pool, chequers_serial_rivers_marsh,
          uniq_amaemon, uniq_gastronok
Lair:3:   layout_loops_ring, nicolae_spider_entry_non_spiders
Lair:4:   layout_hall_layers, minmay_slime_entry_oklob_open,
          minmay_lindwurm_lava, uniq_nessos
Lair:5:   grunt_lair_end_beastmaster, layout_gridlike, serial_bayou_shore_b
Abyss:2:  base:
D:9

Skill      XL: |  1  2  3  4  5  6  7  8  9 10 11 12 13 14 15 |
---------------+----------------------------------------------+-----
Axes           | 2 3 4 5 6 7 9 10 11 12 14 15 16 | 16.0
Shields        | 4 5 6 7 8 9 10 11 12 13 | 13.0
Fighting       | 4 5 6 8 10 12 13 | 13.2
Armour         | 4 6 7 8 9 10 | 10.0
Dodging        | 1 2 3 |  3.1
Throwing       | 1 2 3 5 |  5.8
Invocations    | 4 7 10 | 10.0

Action                   |  1- 3 |  4- 6 |  7- 9 | 10-12 | 13-15 || total
-------------------------+-------+-------+-------+-------+-------++-------
Melee: War axe           |   136 |   124 |   358 |   496 |   903 ||  2017
       Demon whip        |       |       |       |     5 |    28 ||    33
Throw: Boomerang         |       |       |    20 |    42 |    48 ||   110
       Javelin           |       |       |       |    48 |    91 ||   139
Invok: Heroism           |       |       |     6 |    25 |    52 ||    83
       Finesse           |       |       |       |     3 |    10 ||    13
  Use: Scroll            |     8 |     6 |     5 |     8 |     5 ||    32
       Potion            |     1 |     1 |     2 |     2 |     4 ||    10
 Stab: Petrified         |       |       |       |       |     1 ||     1
Armor: Scale mail        |    33 |       |       |       |       ||    33
       Plate armour      |    46 |    78 |   101 |       |       ||   225
       Chain mail        |       |       |   170 |   248 |   474 ||   892
       Skin              |       |       |     1 |       |       ||     1
Dodge: Dodged            |    52 |    15 |   109 |   110 |   239 ||   525
Block: Buckler           |    24 |       |       |       |       ||    24
       Kite shield       |     5 |    57 |   224 |   310 |   512 ||  1108

Table legend:
 A = Non-vault XP
 B = Vault XP
 C = Vault XP percentage of total XP
 D = Non-vault monster count
 E = Vault monster count
 F = Vault count percentage of total count
                 A         B        C        D         E       F
            +---------+---------+-------+---------+---------+-------
      Total |   88990 |   29160 |  24.7 |     451 |      90 |  16.6
            +---------+---------+-------+---------+---------+-------
        D:1 |      31 |       8 |  20.5 |      19 |       4 |  17.4
        D:2 |      37 |       0 |   0.0 |      16 |       0 |   0.0
        D:3 |      55 |       0 |   0.0 |      16 |       0 |   0.0
        D:4 |     411 |       0 |   0.0 |      19 |       0 |   0.0
        D:5 |    1049 |       0 |   0.0 |      19 |       0 |   0.0
        D:6 |     537 |       0 |   0.0 |      25 |       0 |   0.0
        D:7 |     952 |     797 |  45.6 |      19 |      10 |  34.5
        D:8 |    1342 |    1813 |  57.5 |      24 |      12 |  33.3
        D:9 |    4370 |       0 |   0.0 |      34 |       0 |   0.0
       D:10 |    1408 |       0 |   0.0 |      20 |       0 |   0.0
       D:11 |    6294 |    1981 |  23.9 |      40 |       9 |  18.4
       D:12 |    6138 |    3671 |  37.4 |      26 |       8 |  23.5
       D:13 |    3988 |    1457 |  26.8 |      10 |      10 |  50.0
       D:14 |   10832 |    5831 |  35.0 |      23 |       7 |  23.3
     Lair:1 |    1480 |       0 |   0.0 |       8 |       0 |   0.0
     Lair:2 |    4481 |    2744 |  38.0 |      21 |       3 |  12.5
     Lair:3 |    3775 |     364 |   8.8 |      13 |       8 |  38.1
     Lair:4 |   13753 |    2087 |  13.2 |      44 |       3 |   6.4
     Lair:5 |    7849 |    8407 |  51.7 |      24 |      16 |  40.0
    Abyss:2 |   20208 |       0 |   0.0 |      31 |       0 |   0.0
            +---------+---------+-------+---------+---------+-------
